 Seeded DCSS version 0.27-a0-1497-gf8f22f7 (webtiles) character file.

Game seed: 1173139850227633904 (custom seed)

224 Illumine the Skirmisher (level 5, -2/47 HPs)
             Began as a Draconian Fighter on July 6, 2021.
             Was an Initiate of the Shining One.
             Slain by Blork the orc (8 damage)
             ... on level 4 of the Dungeon.
             The game lasted 00:06:32 (3241 turns).

Illumine the Skirmisher (Draconian Fighter)         Turns: 3241, Time: 00:06:33

Health: -2/47      AC:  5    Str: 20    XL:     5   Next: 67%
Magic:  5/5        EV: 10    Int:  8    God:    the Shining One [......]
Gold:   136        SH:  9    Dex: 10    Spells: 4/4 levels left

rFire    . . .     SeeInvis .   a - +0 war axe (elec)
rCold    . . .     Faith    .   j - +0 kite shield
rNeg     . . .     Spirit   .   (armour unavailable)
rPois    .         Reflect  .   (helmet restricted)
rElec    .         Harm     .   (no cloak)
rCorr    .         Rampage  .   (no gloves)
Will     .....                  (no boots)
Stlth    +.........             (no amulet)
HPRegen  0.15/turn              (no ring)
MPRegen  0.09/turn              (no ring)

@: lethally poisoned (-2 -> -19), glowing
A: AC +5, unfitting armour, cold-blooded
a: Renounce Religion


You were on level 4 of the Dungeon.
You worshipped the Shining One.
The Shining One was noncommittal.
You visited 1 branch of the dungeon, and saw 4 of its levels.

You collected 136 gold pieces.

Inventory:

Hand Weapons
 a - a +0 war axe of electrocution (weapon)
 b - a +0 hunting sling
Missiles
 f - 111 stones (quivered)
Armour
 j - a +0 kite shield (worn)
Jewellery
 o - an amulet of the acrobat
Wands
 m - a wand of digging (5)
Scrolls
 h - a scroll of magic mapping {unknown}
 i - a scroll of enchant weapon {unknown}
 n - a scroll of teleportation {unknown}
Potions
 c - 2 potions of might
 d - a potion of haste {unknown}
 e - a potion of heal wounds
 g - a potion of ambrosia {unknown}
 k - 2 potions of curing
 l - 2 potions of attraction {unknown}


   Skills:
 + Level 4.5 Fighting
 * Level 4.4 Axes
 - Level 2.6 Dodging
 + Level 4.1 Shields


You had 4 spell levels left.
You didn't know any spells.
Your spell library contained the following spells:

 Spells                   Type           Power      Damage    Failure   Level
 Magic Dart               Conj           0%         1d3       87%         1
 Call Imp                 Summ           0%         N/A       95%         2
 Corpse Rot               Necr/Air       N/A        N/A       95%         2
 Passwall                 Tmut/Erth      0%         N/A       95%         2
 Mephitic Cloud           Conj/Pois/Air  0%         N/A       99%         3
 Swiftness                Air            0%         N/A       99%         3
 Dispel Undead            Necr           0%         3d6       100%        4
 Death Channel            Necr           0%         N/A       100%        6
 Invisibility             Hex            0%         N/A       100%        6


Dungeon Overview and Level Annotations

Branches:
Dungeon (4/15)
 Temple: D:4-7

Altars:
Nemelex Xobeh
Vehumet
Xom
The Shining One

Annotations:
D:4 Blork the orc


Innate Abilities, Weirdness & Mutations

Your plain brown scales are hard. (AC +5)
You cannot fit into any form of body armour.
You are cold-blooded and may be slowed by cold attacks.


Message History

Aim: Blork the orc, wielding a +3 trident of venom and wearing a +2 robe of willpower (60% to hit)
You shoot a stone. The stone hits Blork the orc.
Blork the orc is lightly wounded.
Fire: 113 stones
Press: ? - help, Q - select action Shift-Dir - straight line, f/p - Blork the orc
Aim: Blork the orc, wielding a +3 trident of venom and wearing a +2 robe of willpower (lightly wounded, 61% to hit)
You shoot a stone. The stone closely misses Blork the orc.
Blork the orc grins evilly.
Blork the orc casts a spell.
Blork the orc seems to speed up.
Fire: 112 stones
Press: ? - help, Q - select action Shift-Dir - straight line, f/p - Blork the orc
Aim: Blork the orc, wielding a +3 trident of venom and wearing a +2 robe of willpower (lightly wounded, fast, 61% to hit)
You shoot a stone. The stone barely misses Blork the orc.
Blork the orc casts a spell at you. The puff of frost hits you!
You hear the crackle of electricity.
a - a +0 war axe of electrocution (weapon)
Blork the orc looks angry.
Blork the orc looks satisfied for a moment.
Blork the orc points at you and mumbles some strange words.
You block the puff of flame. You block Blork the orc's attack.
Found 11 gold pieces and a hunting sling.
There is an open door here.
You slash Blork the orc!
Blork the orc is moderately wounded.
Blork the orc hits you with a +3 trident of venom!
You are poisoned.
Blork the orc hits you with a +3 trident of venom.
You are lethally poisoned!
You closely miss Blork the orc.
Blork the orc is moderately wounded.
* * * LOW HITPOINT WARNING * * *
You feel extremely sick. Blork the orc barely misses you.
Blork the orc closely misses you.
Unknown command.
* * * LOW HITPOINT WARNING * * *
You feel very sick.
Blork the orc hits you from afar with a +3 trident of venom!
You die...

......#
#....##
......#
#.....#
......#
##....#
......#
#....#
......#
###..#
.....<#
#+########.#
#.....#
...........#
##....#
...........#
##...#
.......@...#
##..#
#######'####
#### #.o.#
#.....#
#?.....$#
#.....(.#
#[.....:#
##$.(.:##
##).$##


You could see Blork the orc (fast).

Vanquished Creatures
  Eustachio (D:3)
  A gnoll (D:1)
  2 adders (D:2)
  A worm (D:4)
  A dart slug (D:4)
  4 endoplasms
  A giant cockroach (D:2)
  4 goblins
  A hobgoblin (D:2)
  8 jackals (D:1)
  3 kobolds
  6 quokkas
  10 ball pythons
  4 bats
  A frilled lizard (D:1)
  4 rats
52 creatures vanquished.

Notes
Turn   | Place    | Note
-------+----------+-------------------------------------------
     0 | D:1      | Illumine the Draconian Fighter began the quest for the Orb.
     0 | D:1      | Reached XP level 1. HP: 19/19 MP: 1/1
    49 | D:1      | Reached XP level 2. HP: 19/26 MP: 2/2
   707 | D:1      | Reached XP level 3. HP: 26/31 MP: 3/3
  1557 | D:2      | Found a radiant altar of Vehumet.
  2043 | D:2      | Reached XP level 4. HP: 40/40 MP: 4/4
  2346 | D:2      | Found a faded altar of an unknown god.
  2406 | D:2      | You fall into a shaft and drop 1 floor!
  2627 | D:3      | Found a sparkling altar of Nemelex Xobeh.
  2629 | D:3      | Found a glowing golden altar of the Shining One.
  2664 | D:3      | Became a worshipper of the Shining One
  2830 | D:3      | Found a shimmering altar of Xom.
  3042 | D:4      | Noticed Eustachio
  3062 | D:3      | Killed Eustachio
  3063 | D:3      | Reached XP level 5. HP: 40/47 MP: 5/5
  3232 | D:4      | Noticed Blork the orc
  3241 | D:4      | Slain by Blork the orc

Illustrated notes

Levels and vault maps discovered:
D:1:      elethiomel_arrival_shortcut, layout_basic, minmay_pentomino_v2
D:2:      layout_basic, basic_altar, ebering_ecumenical_altar_mist, st_stairs_1,
          lemuel_flame_loot_1
D:3:      layout_basic, nicolae_overflow_hidden_temple,
          mainiacjoe_overflow_alcove_2, mainiacjoe_overflow_six_doors_small
D:4:      minmay_opposing_rooms, layout_cave_pods,
          mainiacjoe_overflow_concentric_impassable, uniq_eustachio,
          uniq_edmund, uniq_blork_the_orc

Skill      XL: |  1  2  3  4 |
---------------+-------------+-----
Axes           | 3 4 |  4.4
Fighting       | 4 |  4.5
Shields        | 4 |  4.1
Dodging        | |  2.6

Action                   |  1- 3 |  4- 6 || total
-------------------------+-------+-------++-------
Melee: War axe           |   115 |    31 ||   146
       Tailslap          |    12 |     2 ||    14
 Fire: Hunting sling     |       |     3 ||     3
Throw: Stone             |     6 |       ||     6
  Use: Scroll            |       |     2 ||     2
Armor: Skin              |    42 |     7 ||    49
Dodge: Dodged            |    72 |    17 ||    89
Block: Kite shield       |    85 |     8 ||    93

Table legend: (Time is in decaauts)
 A = Elapsed time spent in this place.
 B = Non-inter-level travel time spent in this place.
 C = Inter-level travel time spent in this place.
 D = Time resting spent in this place.
 E = Time spent auto-exploring this place.
 F = Levels seen in this place.
 G = Mean time per level.
                   A        B        C        D        E       F      G
               +--------+--------+--------+--------+--------+-----+--------+
         Total |   3332 |   3274 |     58 |    764 |   1978 |   4 |  833.0 |
       Dungeon |   3332 |   3274 |     58 |    764 |   1978 |   4 |  833.0 |
               +--------+--------+--------+--------+--------+-----+--------+

Top non-repeatable levels by time:
     D:1: 1391 daAuts
     D:2: 1090 daAuts
     D:3: 696 daAuts
     D:4: 154 daAuts
